 Dungeon Crawl Stone Soup version 0.31-a0-690-g7ce4588941 (webtiles) character file.

Game seed: 5905611585735706609

7405 Gargoyl the Cleaver (level 11, 0/67 HPs)
             Began as a Gargoyle Berserker on Sept 6, 2023.
             Was an Elder of Trog.
             Slain by a yak (13 damage)
             ... on level 9 of the Dungeon.
             The game lasted 00:11:54 (7377 turns).

Gargoyl the Cleaver (Gargoyle Berserker)            Turns: 7377, Time: 00:11:54

Health: 0/67       AC: 27    Str: 22    XL:     11   Next: 14%
Magic:  11/11      EV:  8    Int:  5    God:    Trog [****..]
Gold:   460        SH: 17    Dex: 19    Spells: 10/10 levels left

rFire   . . .        t - +3 hand axe (spect)
rCold   . . .        f - +0 tower shield
rNeg    + . .        e - +4 chain mail "Gewn" {Harm}
rPois   ∞            d - +1 helmet
rElec   +            k - +1 cloak
rCorr   +            (no gloves)
SInv    .            (no boots)
Will    .....        (no amulet) Stlth
                     B - +6 ring of dexterity
HPRegen 0.31/turn    s - ring of resist corrosion
MPRegen 0.12/turn

%: harm (+30% outgoing, +20% incoming)
@: no status effects
A: sickness immunity, AC +8, negative energy resistance 1, electricity
resistance, torment resistance 1, petrification resistance, dopey 1
a: Renounce Religion, Berserk, Trog's Hand, Brothers in Arms


You were on level 9 of the Dungeon.
You worshipped Trog.
Trog was greatly pleased with you.
You visited 1 branch of the dungeon, and saw 9 of its levels.
You also visited: Sewer and Ossuary.

You collected 460 gold pieces.

Inventory:

Hand Weapons
 a - a +0 hand axe
 t - a +3 spectral hand axe (weapon)
Missiles
 y - 4 poisoned darts (quivered)
Armour
 d - a +1 helmet (worn)
 e - the +4 chain mail "Gewn" (worn) {Harm}
   (You found it on level 2 of the Dungeon)

   Harm:      It increases damage dealt and taken.
 f - a +0 tower shield (worn)
 k - a +1 cloak (worn)
Jewellery
 s - a ring of resist corrosion (right hand)
 u - a ring of protection from cold
 B - a +6 ring of dexterity (left hand)
Wands
 z - a wand of flame (41)
 A - a wand of quicksilver (9)
Scrolls
 c - 3 scrolls of identify
 g - a scroll of fog
 j - 3 scrolls of blinking
 q - 4 scrolls of poison
 v - 3 scrolls of fear
Potions
 b - 2 potions of attraction
 h - 4 potions of degeneration {unknown}
 i - 3 potions of lignification {unknown}
 l - a potion of magic {unknown}
 m - 3 potions of curing {unknown}
 n - a potion of cancellation
 o - 5 potions of haste {unknown}
 p - a potion of berserk rage {unknown}
 r - 2 potions of resistance {unknown}
 w - 2 potions of ambrosia {unknown}
 x - 3 potions of mutation
 C - a potion of invisibility {unknown}


   Skills:
 + Level 7.3 Fighting
 + Level 10.0 Axes
 + Level 7.0 Armour
 + Level 3.8 Dodging
 + Level 3.5 Stealth
 + Level 9.3 Shields


You had 10 spell levels left.
You didn't know any spells.
Your spell library was empty.

Dungeon Overview and Level Annotations

Branches:
Dungeon (9/15)             Temple (0/1) D:7           Sewer (visited)
Ossuary (visited)
   Lair: D:8-11         Orc: D:9-12

Altars:
Fedhas
Kikubaaqudgha
Qazlal
Ru
Trog
Uskayaw
Xom


Innate Abilities, Weirdness & Mutations

You are immune to sickness and miasma.
Your stone body is resilient. (AC +8)
You are immune to poison.
You resist negative energy. (rN+)
You are resistant to electric shocks. (rElec)
You are resistant to unholy torment.
You are immune to petrification.
You are dopey. (Int -2)


Message History

Your +3 spectral hand axe hits the wyvern but does no damage.
Your +3 spectral hand axe hits the yak!
The wyvern barely misses you. You block the yak's attack.
Unknown command.
You hit the wyvern.
The wyvern is moderately wounded.
You hit the yak.
Your +3 spectral hand axe hits the wyvern.
Your +3 spectral hand axe barely misses the yak.
The wyvern bites you! You block the wyvern's attack.
The yak closely misses your +3 spectral hand axe.
You hit the wyvern.
The wyvern is heavily wounded.
You hit the yak but do no damage.
Your +3 spectral hand axe hits the wyvern.
Your +3 spectral hand axe closely misses the yak.
The wyvern bites you!
* * * LOW HITPOINT WARNING * * *
The yak gores your +3 spectral hand axe!
Your spectral weapon shares its damage with you!
* * * LOW HITPOINT WARNING * * *
You hit the wyvern.
The wyvern is severely wounded.
You hit the yak.
Your +3 spectral hand axe closely misses the wyvern.
Your +3 spectral hand axe barely misses the yak.
You block the wyvern's attack. x2; You block the yak's attack.
You closely miss the wyvern.
The wyvern is severely wounded.
You hit the yak.
Your +3 spectral hand axe hits the wyvern but does no damage.
Your +3 spectral hand axe hits the yak.
You kill the yak!
Trog accepts your kill. You block the wyvern's attack.
You slash the wyvern!
You kill the wyvern!
Trog accepts your kill.
You hit the yak.
Your +3 spectral hand axe hits the yak.
The yak gores you!
You die...

....#..# #.#
...##..# ...
#.# .......#
..... #.###
#.>....#
..... #...#
##.#####
...... ###.#
#..#
......####.#
#.##
#......Y##.#
#.#
..$...#†##.#
#.####
#.Y@...#
.....#
......#(####
#.##.# #.##.
#.# #.##.#.#
# #.#
.......# ..#
.###.### ###
.###.##
......#
..###.


You could see 2 yaks and a friendly +3 spectral hand axe.

Vanquished Creatures
  A two-headed ogre (D:8)
  The ghost of TheCrane the Nimble, a journeyman FeSu (D:8)
  The ghost of eneti the Cleaver, a novice MiFi of Okawaru (D:7)
  A troll (D:9)
  A hornet (D:7)
  A wyvern (D:9)
  13 yaks
  2 steam dragons (D:6)
  A water moccasin (D:6)
  4 orc warriors
  2 ice beasts
  2 ogres
  2 centaurs
  2 phantoms
  5 bullfrogs
  A kobold brigand (D:8)
  2 scorpions
  6 water moccasin zombies (Ossuary)
  Crazy Yiuf (D:3)
  5 hounds
  3 jellies
  4 orc priests
  3 sleepcaps
  Terence (D:3)
  7 iguanas
  5 orc wizards
  2 mummies (Ossuary)
  8 gnolls
  11 adders
  2 white imps
  An ufetubus (D:5)
  9 worms
  3 dart slugs
  42 orcs
  7 endoplasms
  17 giant cockroaches
  3 gnoll zombies (Ossuary)
  4 goblins
  3 hobgoblins
  2 jackals (D:4)
  7 kobolds
  13 quokkas
  9 ball pythons
  4 bats (D:2)
  6 frilled lizards
  4 hobgoblin zombies (Ossuary)
  9 orc zombies (Ossuary)
  2 rats
245 creatures vanquished.

Vanquished Creatures (collateral kills)
  An orc warrior (D:8)
  3 orcs (D:8)
4 creatures vanquished.

Vanquished Creatures (others)
  A spectral weapon (D:8)
1 creature vanquished.

Grand Total: 250 creatures vanquished

Notes
Turn   | Place    | Note
-------+----------+-------------------------------------------
     0 | D:1      | Gargoyl the Gargoyle Berserker began the quest for the Orb.
     0 | D:1      | Reached XP level 1. HP: 14/14 MP: 1/1
   218 | D:1      | You fall into a shaft and drop 1 floor!
   223 | D:2      | Identified the +4 chain mail "Gewn" {Harm}
   253 | D:2      | Reached XP level 2. HP: 15/19 MP: 2/2
   287 | D:2      | Reached skill level 3 in Axes
   382 | D:2      | Reached XP level 3. HP: 23/24 MP: 3/3
   478 | D:2      | Found a bloodstained altar of Trog.
   774 | D:3      | Noticed a scorpion
   798 | D:3      | Killed a scorpion
   799 | D:3      | Reached XP level 4. HP: 23/29 MP: 4/4
   887 | D:3      | Found a runed translucent door.
   888 | D:3      | Noticed Crazy Yiuf
   896 | D:3      | Killed Crazy Yiuf
   897 | D:3      | Reached XP level 5. HP: 33/33 MP: 5/5
  1016 | D:3      | Reached skill level 4 in Axes
  1062 | D:3      | Noticed Terence
  1067 | D:3      | Killed Terence
  1068 | D:3      | Reached skill level 1 in Shields
  1788 | D:4      | Reached XP level 6. HP: 38/38 MP: 6/6
  1794 | D:4      | Reached ** piety under Trog
  1801 | D:4      | Found a glowing drain.
  1805 | Sewer    | Entered a sewer
  2208 | Sewer    | Reached *** piety under Trog
  2228 | Sewer    | Reached skill level 5 in Axes
  2228 | Sewer    | Reached XP level 7. HP: 44/44 MP: 7/7
  2488 | D:4      | Gained mutation: You are dopey. (Int -2) [potion of
                  | mutation]
  2912 | D:5      | Entered Level 5 of the Dungeon
  2963 | D:5      | Found a blossoming altar of Fedhas.
  3089 | D:5      | Reached XP level 8. HP: 29/48 MP: 8/8
  3298 | D:5      | Noticed a yak
  3299 | D:5      | Noticed a yak
  3300 | D:5      | Noticed a yak
  3306 | D:5      | Killed a yak
  3307 | D:5      | Reached skill level 5 in Fighting
  3311 | D:5      | Killed a yak
  3311 | D:5      | Killed a yak
  3312 | D:5      | Reached skill level 6 in Axes
  3312 | D:5      | Reached skill level 5 in Shields
  3446 | D:5      | Found a stormy altar of Qazlal.
  4088 | D:6      | Found a sand-covered staircase.
  4109 | Ossuary  | Entered an ossuary
  4152 | Ossuary  | Reached XP level 9. HP: 52/54 MP: 9/9
  4184 | Ossuary  | Reached skill level 7 in Axes
  4288 | Ossuary  | Reached **** piety under Trog
  4714 | D:6      | Reached skill level 1 in Stealth
  5078 | D:6      | Reached skill level 8 in Axes
  5078 | D:6      | Reached skill level 5 in Armour
  5203 | D:7      | Noticed a hornet
  5210 | D:7      | Killed a hornet
  5230 | D:7      | Found a staircase to the Ecumenical Temple.
  5470 | D:7      | Found an ancient bone altar of Kikubaaqudgha.
  5486 | D:7      | Found a hide-covered altar of Uskayaw.
  5540 | D:7      | Found a runed translucent gate.
  5541 | D:7      | Found a runed translucent gate.
  5541 | D:7      | Noticed eneti's ghost (novice MiFi)
  5541 | D:7      | Identified the +8 plate armour "Fueha" {Will+ Str+3}
  5542 | D:7      | Found a runed translucent gate.
  5562 | D:7      | Found a shimmering altar of Xom.
  5796 | D:7      | Reached XP level 10. HP: 61/61 MP: 10/10
  5801 | D:7      | Killed eneti's ghost
  5819 | D:7      | Identified the +0 pair of boots of Nonteit {rElec rC+ SInv}
  5937 | D:8      | Reached skill level 9 in Axes
  6057 | D:8      | Noticed a two-headed ogre
  6068 | D:8      | Killed a two-headed ogre
  6434 | D:8      | Found a large runed translucent door.
  6434 | D:8      | Found a large runed translucent door.
  6435 | D:8      | Noticed TheCrane's ghost (journeyman FeSu)
  6793 | D:8      | Found a sacrificial altar of Ru.
  6802 | D:8      | Identified the +4 quarterstaff of Prescription {venom,
                  | Str+2 Int+2}
  7161 | D:8      | Killed TheCrane's ghost
  7162 | D:8      | Reached XP level 11. HP: 67/67 MP: 11/11
  7225 | D:9      | Reached skill level 10 in Axes
  7377 | D:9      | Slain by a yak

Illustrated notes

Levels and vault maps discovered:
D:1:      lightli_iron_boxes, layout_basic
D:2:      layout_rooms, basic_altar
D:3:      layout_basic, nicolae_wormholes, uniq_crazy_yiuf_cottage, uniq_terence
D:4:      layout_loops_cross, gup_sewer_entry_bowl
D:5:      minmay_inner_zag, layout_basic, fedhas_altar_1,
          grunt_qazlal_sundering, st_stairs_2, nicolae_letterblocks
          [nicolae_letter_subblock, nicolae_letter_subblock,
          nicolae_letter_subblock, nicolae_letter_subblock,
          nicolae_letter_subblock, nicolae_letter_subblock,
          nicolae_letter_subblock, nicolae_letter_subblock,
          nicolae_letter_subblock, nicolae_letter_subblock,
          nicolae_letter_subblock, nicolae_letter_subblock,
          nicolae_letter_subblock, nicolae_letter_subblock,
          nicolae_letter_subblock, nicolae_letter_subblock,
          nicolae_letter_subblock, nicolae_letter_subblock,
          nicolae_letter_subblock, nicolae_letter_subblock,
          nicolae_letter_subblock, nicolae_letter_subblock,
          nicolae_letter_subblock, nicolae_letter_subblock,
          nicolae_letter_subblock]
D:6:      layout_rooms, enter_ossuary_1, serial_aquarium,
          aquarium_bridge_straight [aquarium_subvault_bridge,
          aquarium_subvault_wall, aquarium_subvault_bridge,
          aquarium_subvault_window], aquarium_window_fake, aquarium_window_fake,
          aquarium_window_2, aquarium_window_corridor_3, aquarium_view_2b
D:7:      layout_gridville, mainiacjoe_overflow_alcove_4,
          mainiacjoe_overflow_swirl, minmay_temple_entry_arrows,
          biasface_ghost_orc_armoury
D:8:      layout_loops_corners, mainiacjoe_overflow_six_doors_small,
          ebering_ghost_disaster_area
D:9:      layout_loops_cross, serial_shops, shop

Skill      XL: |  1  2  3  4  5  6  7  8  9 10 11 |
---------------+----------------------------------+-----
Axes           | 3 4 5 6 8 9 10 | 10.0
Fighting       | 4 5 6 7 |  7.3
Dodging        | 2 3 |  3.8
Armour         | 3 4 5 6 7 |  7.0
Shields        | 1 3 4 5 7 9 |  9.3
Stealth        | 1 3 |  3.5

Action                     |  1- 3 |  4- 6 |  7- 9 | 10-12 || total
---------------------------+-------+-------+-------+-------++-------
  Melee: Hand axe          |    98 |   275 |   342 |   179 ||   894
         Punch             |     1 |       |       |       ||     1
 Invoke: Berserk           |       |     4 |     6 |     3 ||    13
         Trog's Hand       |       |       |     7 |     3 ||    10
         Brothers in Arms  |       |       |     1 |     1 ||     2
    Use: Scroll            |     3 |       |    11 |     1 ||    15
         Potion            |       |       |     1 |       ||     1
   Stab: Distracted        |       |       |     4 |     5 ||     9
 Armour: Chain mail        |    83 |   242 |   227 |    72 ||   624
         Animal skin       |     7 |       |       |       ||     7
  Dodge: Dodged            |    42 |    59 |    70 |    20 ||   191
  Block: Tower shield      |    28 |   229 |   235 |   109 ||   601

Table legend: (Time is in decaauts)
 A = Elapsed time spent in this place.
 B = Non-inter-level travel time spent in this place.
 C = Inter-level travel time spent in this place.
 D = Time resting spent in this place.
 E = Time spent auto-exploring this place.
 F = Levels seen in this place.
 G = Mean time per level.
                   A        B        C        D        E       F      G
               +--------+--------+--------+--------+--------+-----+--------+
         Total |   7853 |   7503 |    350 |    255 |   4907 |  11 |  713.9 |
       Dungeon |   6857 |   6507 |    350 |    226 |   4561 |   9 |  761.9 |
         Sewer |    753 |    753 |      0 |      0 |    265 |   1 |  753.0 |
       Ossuary |    242 |    242 |      0 |     28 |     81 |   1 |  242.0 |
               +--------+--------+--------+--------+--------+-----+--------+

Top non-repeatable levels by time:
     D:8: 1379 daAuts
     D:5: 1218 daAuts
     D:3: 922 daAuts
     D:4: 864 daAuts
     D:6: 857 daAuts
     D:7: 761 daAuts
   Sewer: 753 daAuts
     D:2: 469 daAuts
 Ossuary: 242 daAuts
     D:1: 220 daAuts
     D:9: 163 daAuts
